 Dungeon Crawl Stone Soup version 0.18-a0-750-g37044d6 (webtiles) character file.

149 Bazeroth the Cudgeler (level 5, 0/45 HPs)
             Began as a Minotaur Gladiator on Dec 11, 2015.
             Slain by yottam's ghost (4 damage)
             ... on level 3 of the Dungeon.
             The game lasted 00:13:34 (1651 turns).

Bazeroth the Cudgeler (Minotaur Gladiator)          Turns: 1651, Time: 00:13:34

Health: 0/45       AC:  6    Str: 20    XL:     5   Next: 9%
Magic:  4/4        EV: 11    Int:  5    God:
Gold:   155        SH:  0    Dex: 11    Spells: 0 memorised, 4 levels left

rFire  . . .     SeeInvis .     a - +0 flail
rCold  . . .     Clarity  .     i - +0 scale mail
rNeg   . . .     SustAt   .     (no shield)
rPois  .         Gourm    .     c - +0 hat
rElec  .         Spirit   .     (no cloak)
rCorr  .         Dismiss  .     (no gloves)
rMut   .         Stasis   .     (no boots)
MR     .....                    (no amulet)
Stlth  ..........               (no ring)
                                (no ring)

@: not resistant to hostile enchantments, extremely unstealthy
A: retaliatory headbutt, horns 2
a: no special abilities


You were on level 3 of the Dungeon.
You were not hungry.

You visited 1 branch of the dungeon, and saw 3 of its levels.

You collected 155 gold pieces.

Inventory:

Hand Weapons
 a - a +0 flail (weapon)
Missiles
 d - 3 throwing nets (quivered)
Armour
 c - a +0 hat (worn)
 i - a +0 scale mail (worn)
Jewellery
 g - an uncursed ring of ice {unknown}
Scrolls
 e - 2 scrolls of remove curse
 f - a scroll of identify {unknown}
 j - a scroll of fog
Potions
 b - 3 potions of might {unknown}
 h - a potion of mutation {unknown}
 k - a potion of ambrosia {unknown}


   Skills:
 + Level 3.5 Fighting
 + Level 4.6 Maces & Flails
 + Level 2.1 Throwing
 + Level 2.4 Armour
 + Level 4.5 Dodging
 + Level 0.2 Unarmed Combat


You had 4 spell levels left.
You didn't know any spells.

Dungeon Overview and Level Annotations

Branches:
Dungeon (3/15)

Altars:
Yredelemnul

Annotations:
D:3 yottam's ghost, amateur HuWn


Innate Abilities, Weirdness & Mutations

You reflexively headbutt those who attack you in melee.
You have a pair of horns on your head.


Message History

You hit yottam's ghost but do no damage.
You headbutt yottam's ghost, but do no damage.
Yottam's ghost is severely damaged.
Yottam's ghost barely misses you. You furiously retaliate!
You headbutt yottam's ghost, but do no damage.
Yottam's ghost misses you. You furiously retaliate!
You headbutt yottam's ghost. You hit yottam's ghost.
Yottam's ghost is severely damaged.
Yottam's ghost misses you. You furiously retaliate!
You headbutt yottam's ghost. You hit yottam's ghost.
You headbutt yottam's ghost.
Yottam's ghost is almost destroyed.
Yottam's ghost hits you but does no damage.
You hit yottam's ghost but do no damage.
You headbutt yottam's ghost.
Yottam's ghost is almost destroyed.
Yottam's ghost says, "I break bones and crack skulls... with my bare hands."
Yottam's ghost hits you.
You die...

## #### .. #..
.# ..##.##.####
.# #..W.......#
.#
..##.##W##.##.#
#@......#####
####........#
#.....##.#
##.##.# #.# ..
#######.# ..#
#.....#.####..#
#...<#.........
#..)###.#.##.##


You could see yottam's ghost.

Vanquished Creatures
  An ogre (D:3)
  2 adders
  2 worms (D:2)
  6 giant geckos
  An orc (D:3)
  A giant cockroach (D:1)
  3 hobgoblins
  3 jackals (D:2)
  3 ball pythons
  3 bats
  5 giant newts
  7 goblins
  5 kobolds
  4 rats
  A plant (D:2)
47 creatures vanquished.

Notes
Turn   | Place    | Note
--------------------------------------------------------------
     0 | D:1      | Bazeroth the Minotaur Gladiator began the quest for the Orb.
     0 | D:1      | Reached XP level 1. HP: 18/18 MP: 0/0
   442 | D:1      | Reached XP level 2. HP: 25/25 MP: 1/1
   890 | D:2      | Found a basalt altar of Yredelemnul.
   926 | D:2      | Reached XP level 3. HP: 22/30 MP: 2/2
   975 | D:2      | Reached skill level 4 in Maces & Flails
  1204 | D:2      | Reached skill level 1 in Armour
  1629 | D:3      | Noticed an ogre
  1629 | D:3      | Noticed yottam's ghost (amateur HuWn)
  1636 | D:3      | Killed an ogre
  1636 | D:3      | Reached XP level 4. HP: 20/38 MP: 3/3
  1636 | D:3      | Reached XP level 5. HP: 23/45 MP: 4/4
  1651 | D:3      | Slain by yottam's ghost

Vault maps used:
D:1:      dpeg_arrival_renting
D:2:      wad_crossroads, lemuel_round_altar, serial_bayou_lake_a
D:3:      elyvilon_altar_4, led_sif_pool, lemuel_crystal_altar,
          ecumenical_altar_2, uniq_grinder, uniq_iyjb, uniq_robin

Action                   |  1- 3 |  4- 6 || total
-------------------------+-------+-------++-------
Melee: Flail             |   140 |    15 ||   155
       Unarmed           |     5 |       ||     5
  Use: Scroll            |     2 |       ||     2
  Eat: Bread ration      |     1 |       ||     1
